 Dungeon Crawl Stone Soup version 0.27.1-1-g398f81649c (webtiles) character file.

Game seed: 8187759454458225563

9856 wilfster70 the Fighter (level 11, -9/71 HPs)
             Began as a Gargoyle Earth Elementalist on Sept 9, 2021.
             Was a Priest of Okawaru.
             Killed by an exploding killer bee zombie (33 damage)
             ... ignited by their inner flame
             ... on level 9 of the Dungeon.
             The game lasted 00:28:58 (12090 turns).

wilfster70 the Fighter (GrEE)                      Turns: 12090, Time: 00:28:58

Health: -9/71      AC: 13    Str: 11    XL:     11   Next: 53%
Magic:  21/23      EV: 11    Int: 26    God:    Okawaru [***...]
Gold:   540        SH:  0    Dex: 10    Spells: 18/26 levels left

rFire    . . .     SeeInvis .   (no weapon)
rCold    . . .     Faith    .   (no shield)
rNeg     + . .     Spirit   .   F - +0 troll leather armour
rPois    ∞         Reflect  .   f - +0 helmet
rElec    +         Harm     .   (no cloak)
rCorr    .         Rampage  .   (no gloves)
Will     .....                  (no boots)
Stlth    ++........             u - amulet of regeneration
HPRegen  2.21/turn              e - +6 ring of intelligence
MPRegen  0.18/turn              (no ring)

@: weak-willed
A: sickness immunity, AC +8, negative energy resistance 1, electricity
resistance, torment resistance 1, petrification resistance
a: Renounce Religion, Heroism


You were on level 9 of the Dungeon.
You worshipped Okawaru.
Okawaru was most pleased with you.
You visited 2 branches of the dungeon, and saw 12 of its levels.
You also visited: Sewer.

You collected 540 gold pieces.

Inventory:

Hand Weapons
 a - a +4 morningstar
 b - a +9 hand crossbow of freezing
Missiles
 c - 239 stones
 p - 36 poisoned darts
 s - 8 curare-tipped darts
 t - 6 throwing nets
 x - 49 bolts
Armour
 f - a +0 helmet (worn)
 l - a +2 robe of cold resistance
 F - a +0 troll leather armour (worn)
Jewellery
 e - a +6 ring of intelligence (left hand)
 u - an amulet of regeneration (around neck)
 D - a ring of positive energy
Wands
 g - a wand of polymorph (6)
 r - a wand of iceblast (6)
 v - a wand of flame (33)
 w - a wand of paralysis (5)
 y - a wand of mindburst (14)
Scrolls
 d - a scroll of holy word {unknown}
 m - a scroll of fog {unknown}
 n - 2 scrolls of summoning
 o - a scroll of magic mapping
 q - 2 scrolls of teleportation
Potions
 h - a potion of flight {unknown}
 i - 5 potions of haste
 j - a potion of mutation
 A - 4 potions of lignification
 E - a potion of curing {unknown}
 H - a potion of might {unknown}


   Skills:
 + Level 9.4 Fighting
 - Level 8.0 Crossbows
 - Level 1.5 Dodging
 - Level 2.1 Stealth
 - Level 8.0 Spellcasting
 - Level 6.0 Conjurations
 - Level 0.7 Transmutations
 * Level 4.1 Fire Magic
 - Level 8.0 Earth Magic
 + Level 5.0 Invocations


You had 18 spell levels left.
You knew the following spells:

 Your Spells              Type           Power      Damage    Failure   Level
a - Sandblast             Erth           100%       2d20      1%          1
b - Stone Arrow           Conj/Erth      92%        3d12      1%          3
c - Sticky Flame          Conj/Fire      36%        2d6       9%          4

Your spell library contained the following spells:

 Spells                   Type           Power      Damage    Failure   Level
 Passwall                 Tmut/Erth      27%        N/A       1%          2
 Static Discharge         Conj/Air       26%        N/A       3%          2
 Animate Skeleton         Necr           20%        N/A       8%          1
 Apportation              Tloc           20%        N/A       8%          1
 Corona                   Hex            11%        N/A       8%          1
 Summon Small Mammal      Summ           40%        N/A       8%          1
 Inner Flame              Hex/Fire       21%        N/A       10%         3
 Blink                    Tloc           N/A        N/A       11%         2
 Ensorcelled Hibernation  Hex/Ice        20%        N/A       11%         2
 Slow                     Hex            10%        N/A       11%         2
 Petrify                  Tmut/Erth      33%        N/A       12%         4
 Leda's Liquefaction      Hex/Erth       15%        N/A       14%         4
 Call Canine Familiar     Summ           10%        N/A       22%         3
 Confusing Touch          Hex            10%        N/A       22%         3
 Lesser Beckoning         Tloc           5%         N/A       22%         3
 Portal Projectile        Hex/Tloc       20%        N/A       22%         3
 Tukima's Dance           Hex            10%        N/A       22%         3
 Vampiric Draining        Necr           5%         2d6       22%         3
 Cause Fear               Hex            5%         N/A       58%         4
 Dispel Undead            Necr           10%        3d9       58%         4
 Manifold Assault         Tloc           10%        N/A       90%         5
 Dispersal                Tloc           5%         N/A       100%        6
 Discord                  Hex            5%         N/A       100%        8
 Disjunction              Tloc           5%         N/A       100%        8


Dungeon Overview and Level Annotations

Branches:
Dungeon (11/15)            Temple (1/1) D:5             Orc (0/2) D:11
  Sewer (visited)
   Lair: D:8-11

Altars:
Ashenzari
Cheibriados
Dithmenos
Elyvilon
Fedhas
Gozag
Hepliaklqana
Kikubaaqudgha
Makhleb
Nemelex Xobeh
Okawaru
Qazlal
Ru
Sif Muna
Uskayaw
Vehumet
Wu Jian
Xom
Yredelemnul
Zin
The Shining One

Shops:
D:5 (


Innate Abilities, Weirdness & Mutations

You are immune to sickness and miasma.
Your stone body is resilient. (AC +8)
You are immune to poison.
You resist negative energy. (rN+)
You are resistant to electric shocks. (rElec)
You are resistant to unholy torment.
You are immune to petrification.


Message History

Adjust to which letter? (? for menu, Esc to quit)
a - a +0 morningstar;
I - a +0 flail (weapon)
Drop what? 35/52 slots (_ for help) (? for menu, Esc to quit)
You are now empty-handed.
You drop a +0 flail.
As you read the scroll of enchant weapon, it crumbles to dust.
Your +0 morningstar glows red for a moment.
As you read the scroll of enchant weapon, it crumbles to dust.
Your +1 morningstar glows red for a moment.
As you read the scroll of enchant weapon, it crumbles to dust.
Your +2 morningstar glows red for a moment.
As you read the scroll of enchant weapon, it crumbles to dust.
Your +3 morningstar glows red for a moment.
As you read the scroll labelled JIESESM AVOYM, it crumbles to dust.
You feel aware of your surroundings.
It was a scroll of magic mapping.
As you read the scroll labelled JUIGOTS PONOT, it crumbles to dust.
Wisps of shadow whirl around you...
It was a scroll of summoning.
As you read the scroll labelled JOULLI GIATT, it crumbles to dust.
The creatures around you are filled with an inner flame!
It was a scroll of immolation.
As you read the scroll labelled NULATI KILEETS, it crumbles to dust.
You hear a loud clanging noise!
It was a scroll of noise.
You hear a shout!
As you read the scroll labelled TEMEDAWKIYMP, it crumbles to dust.
Your body is wracked with pain!
Your steam dragon convulses!
Flame seeps out of your steam dragon.
It was a scroll of torment.
Your steam dragon is engulfed in blazing flames.
Flame seeps out of your steam dragon.
As you read the scroll labelled NIMORCH FEFIT, it crumbles to dust.
Magic quickly surges around you.
It was a scroll of vulnerability.
Your steam dragon is engulfed in blazing flames.
Your steam dragon's corpse dissolves into shadows!
Your steam dragon explodes!
The fiery explosion engulfs your killer bee zombie!!!
The fiery explosion engulfs you!!!
Ouch! That really hurt!
Your killer bee zombie explodes!
The fiery explosion engulfs you!!
You die...

................)...........#...#
............................#...'
.#######....................#...#
.#,,,,,#....................#...#
.#,,,,,#....................#'###
.#,,,,,#>..................)..)[.
.#,,,,,#......§§§..........#####'
.###**+#......§○§..........#.)>..
.....,.......)§§@[....######.....
...#########..§Z§.....#.....<....
...#.......####.......#..........
####..........#.......######.....
..............#............#.....
..............#............#.....
..............#........#####.....
..............##.......#.........
...............#.......#)........


You could see a friendly howler monkey zombie (summoned, inner flame,
weak-willed).

Vanquished Creatures
  4 two-headed ogres
  A cyclops (D:11)
  Maggie (D:7)
  A troll (D:10)
  A meliai zombie (D:11)
  Sigmund (D:3)
  A shadow (D:7)
  8 yaks
  A steam dragon (D:6)
  An acid dragon (D:10)
  6 water moccasins
  2 orc warriors (D:9)
  3 sky beasts
  An ice beast (D:7)
  A black bear (D:7)
  3 ogres
  6 centaurs
  2 phantoms (D:6)
  3 bullfrogs
  6 kobold brigands
  2 scorpions
  A water moccasin skeleton (D:6)
  5 killer bees (D:11)
  4 wights (D:9)
  2 howler monkeys
  4 crimson imps (D:4)
  4 gnoll shamans
  A jelly (D:5)
  2 centaur skeletons
  A hound (D:6)
  3 orc priests
  A bullfrog skeleton (D:6)
  6 iguanas
  4 orc wizards
  26 gnolls
  A howler monkey zombie (D:9)
  5 adders
  A river rat (Sewer)
  A shadow imp (D:6)
  A white imp (D:6)
  A worm (D:2)
  2 dart slugs
  29 orcs
  10 endoplasms
  3 giant cockroaches
  3 goblins
  2 hobgoblins
  3 jackals (D:3)
  14 kobolds
  3 quokkas
  8 ball pythons
  7 bats
  5 frilled lizards
  11 rats
229 creatures vanquished.

Vanquished Creatures (others)
  A gnoll (D:6)
  3 fungi (D:11)
  25 plants
29 creatures vanquished.

Grand Total: 258 creatures vanquished

Notes
Turn   | Place    | Note
-------+----------+-------------------------------------------
     0 | D:1      | wilfster70 the Gargoyle Earth Elementalist began the quest
                  | for the Orb.
     0 | D:1      | Reached XP level 1. HP: 10/10 MP: 3/3
   338 | D:1      | Reached XP level 2. HP: 4/16 MP: 5/5
   770 | D:1      | Reached skill level 1 in Fighting
   789 | D:1      | Found a faded altar of an unknown god.
  1172 | D:2      | Reached XP level 3. HP: 15/20 MP: 6/6
  1180 | D:2      | Learned a level 3 spell: Stone Arrow
  1926 | D:3      | Found a glowing silver altar of Zin.
  1972 | D:3      | Identified a scroll of acquirement
  1972 | D:3      | Acquired a +6 hand crossbow of freezing
  2039 | D:3      | Reached XP level 4. HP: 24/26 MP: 2/8
  2128 | D:3      | Noticed Sigmund
  2143 | D:3      | Reached skill level 2 in Fighting
  2179 | D:3      | Killed Sigmund
  2180 | D:3      | Reached skill level 3 in Fighting
  2180 | D:3      | Reached skill level 5 in Earth Magic
  2180 | D:3      | Reached XP level 5. HP: 32/32 MP: 2/9
  2244 | D:3      | Reached XP level 6. HP: 28/37 MP: 9/11
  2354 | D:3      | Found a glowing drain.
  2365 | Sewer    | Entered a sewer
  2661 | Sewer    | Reached XP level 7. HP: 27/42 MP: 8/12
  3151 | D:3      | Reached skill level 4 in Fighting
  3338 | D:4      | Found a radiant altar of Vehumet.
  3566 | D:4      | Found a burning altar of Makhleb.
  3673 | D:4      | Found a shimmering altar of Xom.
  3735 | D:4      | Reached XP level 8. HP: 21/48 MP: 2/14
  4100 | D:4      | Found an ancient bone altar of Kikubaaqudgha.
  4176 | D:4      | Found an ornate altar of the Wu Jian Council.
  4462 | D:5      | Entered Level 5 of the Dungeon
  4469 | D:5      | Reached skill level 5 in Fighting
  4639 | D:5      | Found a staircase to the Ecumenical Temple.
  4645 | D:5      | Reached skill level 5 in Spellcasting
  4655 | Temple   | Entered the Ecumenical Temple
  4720 | D:5      | Reached skill level 5 in Conjurations
  5078 | D:5      | Found Ziyda's Weapon Shoppe.
  5270 | D:5      | Reached skill level 1 in Crossbows
  5417 | D:5      | Noticed a yak
  5418 | D:5      | Noticed a yak
  5420 | D:5      | Noticed a yak
  5422 | D:5      | Noticed a yak
  5425 | D:5      | Killed a yak
  5426 | D:5      | Reached XP level 9. HP: 38/55 MP: 5/17
  5461 | D:4      | Reached skill level 6 in Fighting
  6966 | D:6      | Reached skill level 5 in Crossbows
  7111 | D:6      | Reached skill level 7 in Fighting
  7750 | D:7      | Reached XP level 10. HP: 63/63 MP: 8/19
  8682 | D:7      | Found a broken altar of Ashenzari.
  9482 | D:8      | Noticed Maggie
  9492 | D:7      | Killed Maggie
  9749 | D:8      | Found a stormy altar of Qazlal.
  9752 | D:8      | Found a glowing golden altar of the Shining One.
  9755 | D:8      | Found an iron altar of Okawaru.
  9759 | D:8      | Became a worshipper of Warmaster Okawaru
  9801 | D:8      | Found a hazy altar of Hepliaklqana.
  9965 | D:8      | Found a snail-covered altar of Cheibriados.
  9965 | D:8      | Noticed a two-headed ogre
  9970 | D:8      | Killed a two-headed ogre
  9971 | D:8      | Reached skill level 8 in Fighting
  9971 | D:8      | Reached skill level 1 in Invocations
 10066 | D:8      | You fall into a shaft and drop 2 floors!
 10066 | D:10     | Entered Level 10 of the Dungeon
 10136 | D:10     | Reached * piety under Okawaru
 10370 | D:10     | You fall into a shaft and drop 1 floor!
 10411 | D:11     | Found a staircase to the Orcish Mines.
 10438 | D:11     | Noticed a cyclops
 10450 | D:11     | Learned a level 4 spell: Sticky Flame
 10457 | D:11     | Killed a cyclops
 10458 | D:11     | Reached skill level 1 in Fire Magic
 10458 | D:11     | Reached XP level 11. HP: 51/69 MP: 7/22
 10490 | D:11     | Noticed a two-headed ogre
 10494 | D:11     | Killed a two-headed ogre
 10639 | D:11     | Noticed a two-headed ogre
 10649 | D:11     | Killed a two-headed ogre
 10649 | D:11     | Reached ** piety under Okawaru
 10650 | D:11     | Reached skill level 9 in Fighting
 11844 | D:8      | Noticed a two-headed ogre
 11851 | D:8      | Killed a two-headed ogre
 11875 | D:8      | Reached *** piety under Okawaru
 11876 | D:8      | Reached skill level 5 in Invocations
 12090 | D:9      | Killed by an exploding killer bee zombie... ignited by
                  | their inner flame

Illustrated notes

Levels and vault maps discovered:
D:1:      scummos_arrival_checkerplants, layout_basic,
          hellmonk_ecumenical_altar_leap_of_faith
D:2:      layout_loops_cross
D:3:      layout_basic, mainiacjoe_overflow_catwalk, portal_sewer_entry_d,
          uniq_sigmund
D:4:      layout_basic, amcnicky_altar_gilded, led_xom_imps, lemuel_tele_altar,
          pf_just_have_faith, nicolae_wu_jian_immortal_techniques,
          chequers_serial_rivers_micro_e, minmay_misc_feat_chi
D:5:      layout_loops_ring, minmay_temple_entry_wispy, serial_shops, shop,
          chequers_serial_rivers_micro_a
D:6:      minmay_inner_zag, layout_loops_ring, dk_noncrumbling_4,
          lexackson_kobold_supper
D:7:      layout_layer_cave, nicolae_ashenzari_panopticon
D:8:      layout_rooms, trog_hazing_becter, grunt_temple_overflow_cloverleaf,
          mainiacjoe_overflow_surrounded_room, uniq_maggie
D:9:      layout_irregular_city, gammafunk_ghost_grave
D:10:     layout_stronghold, ebering_ghost_funeral_grove, uniq_sonja
D:11:     lemuel_troll_bridge, layout_irregular_city, minmay_lair_entry_grove,
          orc_0_dummy, grunt_ogre_cave, grunt_ministairs_8
Temple:   dpeg_three_leaves_temple

Skill      XL: |  1  2  3  4  5  6  7  8  9 10 11 |
---------------+----------------------------------+-----
Fighting       | 1 3 4 5 7 8 9 |  9.4
Earth Magic    | 4 5 6 7 8 |  8.0
Spellcasting   | 3 4 5 6 7 8 |  8.0
Conjurations   | 2 3 4 5 6 |  6.0
Crossbows      | 2 5 8 |  8.0
Invocations    | 3 5 |  5.0
Fire Magic     | 1 4 |  4.1
Dodging        | |  1.5
Stealth        | |  2.1
Transmutations | |  0.7

Action                   |  1- 3 |  4- 6 |  7- 9 | 10-12 || total
-------------------------+-------+-------+-------+-------++-------
Melee: Whip              |    11 |       |       |       ||    11
       Unarmed           |     5 |       |     9 |       ||    14
       Mace              |    42 |    81 |    82 |       ||   205
       Flail             |       |       |    59 |    28 ||    87
 Fire: Hand crossbow     |       |       |       |     7 ||     7
 Cast: Sandblast         |    30 |    29 |    57 |    16 ||   132
       Stone Arrow       |       |       |    95 |   120 ||   215
  Use: Scroll            |     5 |       |     5 |    12 ||    22
       Potion            |       |       |     1 |       ||     1
 Stab: Sleeping          |     1 |       |     2 |       ||     3
Armor: Ring mail         |    18 |       |       |       ||    18
       Robe              |    18 |    45 |    96 |    14 ||   173
       Troll leather arm |       |       |       |    39 ||    39
Dodge: Dodged            |    50 |    85 |   206 |    69 ||   410
